 Dungeon Crawl Stone Soup version 0.30-a0-305-g026cb31310 (webtiles) character file.

Game seed: 2367230339873646753

119 ryw the Trooper (level 4, 0/37 HPs)
             Began as a Demonspawn Monk on Oct 21, 2022.
             Slain by a gnoll
             ... wielding a +0 flail
              (5 damage)
             ... on level 3 of the Dungeon.
             The game lasted 00:02:48 (1672 turns).

ryw the Trooper (Demonspawn Monk)                   Turns: 1672, Time: 00:02:48

Health: 0/37       AC:  3    Str: 12    XL:     4   Next: 74%
Magic:  8/8        EV: 12    Int: 13    God:
Gold:   952        SH:  0    Dex: 15    Spells: 9/9 levels left

rFire   . . .      SeeInvis .    e - +0 rapier
rCold   . . .      Faith    .    (no shield)
rNeg    . . .      Spirit   .    a - +0 robe
rPois   .          Reflect  .    (no helmet)
rElec   .          Harm     .    (no cloak)
rCorr   .          Rampage  .    (no gloves)
Will    .....                    f - +0 pair of boots
Stlth   ++........               (no amulet)
HPRegen 0.26/turn                (no ring)
MPRegen 0.11/turn                (no ring)

@: no status effects
A: foul stench 2, demonic magic 1
a: no special abilities


You were on level 3 of the Dungeon.
You visited 1 branch of the dungeon, and saw 3 of its levels.

You collected 952 gold pieces.

Inventory:

Hand Weapons
 e - a +0 rapier (weapon)
Armour
 a - a +0 robe (worn)
 f - a +0 pair of boots (worn)
Scrolls
 d - a scroll of immolation {unknown}
 g - a scroll of fear
 i - a scroll of amnesia {unknown}
 j - a scroll of identify {unknown}
Potions
 b - a potion of ambrosia
 c - 3 potions of flight {unknown}
 h - a potion of attraction {unknown}
 k - a potion of curing {unknown}
 m - 2 potions of resistance {unknown}
 n - a potion of heal wounds {unknown}
 o - a potion of brilliance {unknown}


   Skills:
 - Level 4.2 Fighting
 - Level 2.6 Dodging
 - Level 1.7 Stealth
 - Level 2.6 Unarmed Combat
 + Level 3.0 Spellcasting


You had 9 spell levels left.
You didn't know any spells.
Your spell library contained the following spells:

 Spells                   Type           Power      Damage    Failure   Level
 Blink                    Tloc           2%         N/A       34%         2
 Momentum Strike          Conj/Tloc      2%         3d8       34%         2
 Lesser Beckoning         Tloc           2%         N/A       56%         3


Dungeon Overview and Level Annotations

Branches:
Dungeon (3/15)

Altars:
Sif Muna


Innate Abilities, Weirdness & Mutations

You sometimes emit foul miasma when damaged in melee.
Spells you cast may paralyse adjacent enemies.


Message History

The hound bites you.
The hound is engulfed in dark miasma.
The hound looks as sick as possible!
The hound seems to slow down.
You kill the hound!
A gnoll comes into view. It is wielding a +0 flail.
A gnoll comes into view. It is wielding a +0 halberd.
Found a scroll labelled PUDYTT WOYMPIB.
The goblin hits you but does no damage. The gnoll hits you with a +0 club.
You hit the gnoll.
The gnoll is moderately wounded.
The goblin hits you but does no damage. The gnoll hits you with a +0 club.
You emit a cloud of foul miasma!
You barely miss the gnoll.
The gnoll is moderately wounded.
The gnoll is engulfed in dark miasma.
The gnoll is poisoned.
The gnoll barely misses you.
The goblin hits you but does no damage. x2
The gnoll is engulfed in dark miasma.
The gnoll looks even sicker.
The gnoll barely misses you.
You hit the gnoll. You punch the gnoll.
The gnoll is almost dead.
You kill the gnoll!
The goblin barely misses you.
A gnoll comes into view. It is wielding a +0 club.
Your Spellcasting skill increases to level 3!
The gnoll shouts!
You hit the goblin.
The goblin is moderately wounded.
The goblin hits you but does no damage.
You hit the goblin.
The goblin is heavily wounded.
The gnoll hits you from afar with a +0 halberd!
The goblin completely misses you.
You are too injured to fight recklessly!
You are too injured to fight recklessly!
Unknown command.
You hit the goblin.
You kill the goblin!
The gnoll hits you from afar with a +0 halberd!
* * * LOW HITPOINT WARNING * * *
The gnoll hits you with a +0 flail.
You die...

##................
##......#........
##.###..........
####.#...)........
.....#......####..
........##...# #
.............##.
.......#.†.......
...##@.#..#..##
......°)g#....##
...g.g..........
......#..........
......##.........
?...#. #.........
^...# #....... ...
.......


You could see 3 gnolls.

Vanquished Creatures
  A hound (D:3)
  A gnoll (D:3)
  2 adders (D:3)
  4 dart slugs
  An orc (D:3)
  8 ball pythons
  5 endoplasms
  A giant cockroach (D:2)
  6 goblins
  6 hobgoblins (D:1)
  A quokka (D:1)
  7 bats
  A frilled lizard (D:1)
  3 kobolds (D:1)
  5 rats
52 creatures vanquished.

Vanquished Creatures (others)
  A fungus (D:1)
1 creature vanquished.

Grand Total: 53 creatures vanquished

Notes
Turn   | Place    | Note
-------+----------+-------------------------------------------
     0 | D:1      | ryw the Demonspawn Monk began the quest for the Orb.
     0 | D:1      | Reached XP level 1. HP: 18/18 MP: 1/1
    15 | D:1      | Found a faded altar of an unknown god.
   136 | D:1      | Gained mutation: You may rarely emit foul miasma when
                  | damaged in melee. [demonic ancestry]
   136 | D:1      | Reached XP level 2. HP: 21/24 MP: 2/2
   334 | D:1      | Reached skill level 4 in Fighting
   536 | D:1      | Gained mutation: Spells you cast may paralyse adjacent
                  | enemies. [demonic ancestry]
   536 | D:1      | Reached XP level 3. HP: 30/30 MP: 3/3
   815 | D:2      | Found a shimmering blue altar of Sif Muna.
  1077 | D:2      | Reached skill level 1 in Spellcasting
  1422 | D:2      | Identified a scroll of acquirement
  1422 | D:2      | Acquired 889 gold pieces
  1582 | D:3      | Gained mutation: You sometimes emit foul miasma when
                  | damaged in melee. [demonic ancestry]
  1582 | D:3      | Reached XP level 4. HP: 37/37 MP: 5/7
  1672 | D:3      | Slain by a gnoll

Illustrated notes

Levels and vault maps discovered:
D:1:      minmay_arrival_stone_box, layout_loops_ring,
          dreamdust_ecumenical_altar_grove
D:2:      layout_basic, basic_altar
D:3:      layout_rooms

Skill      XL: |  1  2  3  4 |
---------------+-------------+-----
Fighting       | 4 |  4.2
Spellcasting   | 2 3 |  3.0
Dodging        | |  2.6
Stealth        | |  1.7
Unarmed Combat | |  2.6

Action                   |  1- 3 |  4- 6 || total
-------------------------+-------+-------++-------
Melee: Unarmed           |    60 |       ||    60
       Rapier            |    99 |    17 ||   116
       Punch             |     1 |     1 ||     2
  Use: Potion            |     1 |       ||     1
       Scroll            |     3 |       ||     3
 Stab: Sleeping          |     5 |       ||     5
Armor: Robe              |    29 |     6 ||    35
Dodge: Dodged            |    94 |     8 ||   102

Table legend: (Time is in decaauts)
 A = Elapsed time spent in this place.
 B = Non-inter-level travel time spent in this place.
 C = Inter-level travel time spent in this place.
 D = Time resting spent in this place.
 E = Time spent auto-exploring this place.
 F = Levels seen in this place.
 G = Mean time per level.
                   A        B        C        D        E       F      G
               +--------+--------+--------+--------+--------+-----+--------+
         Total |   1691 |   1648 |     43 |     91 |   1127 |   3 |  563.7 |
       Dungeon |   1691 |   1648 |     43 |     91 |   1127 |   3 |  563.7 |
               +--------+--------+--------+--------+--------+-----+--------+

Top non-repeatable levels by time:
     D:1: 817 daAuts
     D:2: 705 daAuts
     D:3: 168 daAuts
